 Dungeon Crawl Stone Soup version 0.32-a0-630-g46d191b0ed (webtiles) character file.

Game seed: 7047906398937294025

20 croobank the Ruffian (level 2, -3/27 HPs)
             Began as an Octopode Shapeshifter on Mar 6, 2024.
             Killed from afar by Sigmund (13 damage)
             ... with a puff of flame
             ... on level 2 of the Dungeon.
             The game lasted 00:02:41 (716 turns).

croobank the Ruffian (Octopode Shapeshifter)         Turns: 716, Time: 00:02:42

Health: -3/27      AC: 21    Str: 13    XL:     2   Next: 79%
Magic:  2/2        EV:  2    Int: 12    God:
Gold:   58         SH:  0    Dex: 11    Spells: 1/1 levels left

rFire   . . .        h - +0 dagger
rCold   . . .        (no shield)
rNeg    . . .        (helmet currently unavailable)
rPois   +            (no amulet)
rElec   .            (no ring)
rCorr   .            (no ring)
SInv    .            (no ring)
Will    .....        (no ring)
Stlth   +            (no ring)
HPRegen 0.24/turn    (no ring)
MPRegen 0.08/turn    (no ring)
                     (no ring)

%: no passive effects
@: tree-form (expiring)
A: stationary, stasis, torment immunity, boosted hp, almost no armour,
(amphibious), 8 rings, (camouflage 1), (gelatinous body 1), (nimble swimmer 1),
(tentacles)
a: no special abilities


You were on level 2 of the Dungeon.
You were a tree.
You visited 1 branch of the dungeon, and saw 2 of its levels.

You collected 58 gold pieces.

Inventory:

Hand Weapons
 f - a +0 spear
 h - a +0 dagger (weapon)
Missiles
 d - 16 stones (quivered)
Talismans
 b - a beast talisman (active)
 c - a flux talisman
Wands
 j - a wand of flame (25)
Scrolls
 e - a scroll of amnesia {unknown}
 g - a scroll of identify {unknown}
 i - a scroll of immolation {unknown}


   Skills:
 + Level 1.4 Fighting
 + Level 2.3 Dodging
 + Level 0.8 Stealth
 + Level 3.2 Unarmed Combat
 + Level 3.1 Shapeshifting


You had one spell level left.
You didn't know any spells.
Your spell library was empty.

Dungeon Overview and Level Annotations

Branches:
Dungeon (2/15)

Altars:

Annotations:
D:2 Sigmund


Innate Abilities, Weirdness & Mutations

You are a tree.
Your roots penetrate the ground, keeping you stationary.
You cannot be teleported.
You are immune to unholy pain and torment.
Your maximum health is greatly increased.
You cannot wear most types of armour.
((You are amphibious.))
You can wear up to eight rings at the same time.
((Your skin changes colour to match your surroundings (Stealth+).))
((Your rubbery body absorbs attacks. (AC +1, EV +1)))
((You are camouflaged when in or above water. (Stealth+)))
((You have tentacles for arms and can constrict up to eight enemies at once.))


Message History

Aim: Sigmund, wielding a +0 scythe and wearing a +0 robe (47% to hit)
You throw a stone. The stone hits Sigmund.
Sigmund is lightly wounded.
Sigmund mumbles some strange words.
Sigmund flickers and vanishes!
Deactivating autopickup; reactivate with Ctrl-A.
Something hits you. Something hits you!
* * * LOW HITPOINT WARNING * * *
Your transformation has ended.
You turn into a tree.
Your roots penetrate the ground.
You cannot move.
You cannot move.
You cannot move.
You cannot move.
You cannot move.
You hit something. Something hits you but does no damage.
You closely miss something. Something hits you but does no damage.
You barely miss something. You barely miss something.
Something hits you but does no damage.
You hit something but do no damage. Something hits you but does no damage.
You hit something. You hit something. Something hits you but does no damage.
You hit something.
Your transformation is almost over.
Something hits you but does no damage.
You hit something. You closely miss something.
You hear some strange, mumbled words.
A puff of flame appears from out of thin air!
The puff of flame hits you but does no damage.
You miss something. Something hits you but does no damage.
You miss something. Something hits you but does no damage.
You miss something. You hit something. Something hits you but does no damage.
You miss something.
You hear some strange, mumbled words.
A puff of flame appears from out of thin air!
The puff of flame hits you!
You die...

#. .. #. .#. ##
#.#... ... #....
.... ###..###....
##....#....#
##..##...#
#{♣.....#
.........##.###
###########...#####
#.........#
#.....>...#
#.........###
#...........#
#.........#..
#...<.....# #


There were no monsters in sight!

Vanquished Creatures
  A dart slug (D:1)
  3 endoplasms (D:1)
  2 giant cockroaches (D:1)
  A goblin (D:1)
  2 hobgoblins (D:1)
  A ball python (D:1)
  3 bats (D:1)
  A frilled lizard (D:1)
  A kobold (D:1)
  A rat (D:1)
16 creatures vanquished.

Notes
Turn   | Place    | Note
-------+----------+-------------------------------------------
     0 | D:1      | croobank the Octopode Shapeshifter began the quest for the
                  | Orb.
     0 | D:1      | Reached XP level 1. HP: 13/13 MP: 1/1
   185 | D:1      | Reached XP level 2. HP: 13/18 MP: 2/2
   692 | D:2      | Noticed Sigmund
   716 | D:2      | Killed from afar by Sigmund

Illustrated notes

Levels and vault maps discovered:
D:1:      minmay_arrival_shattered_statue, layout_rooms, nrook_campfire
D:2:      layout_rooms, uniq_sigmund

Action                     || total
---------------------------++-------
  Melee: Unarmed           ||    23
         Constrict         ||     6
         Tentacles         ||     2
         Dagger            ||    15
         Punch             ||     1
  Throw: Stone             ||    30
    Use: Potion            ||     1
   Stab: Sleeping          ||     3
 Armour: Skin              ||    17
  Dodge: Dodged            ||    12

Table legend: (Time is in decaauts)
 A = Elapsed time spent in this place.
 B = Non-inter-level travel time spent in this place.
 C = Inter-level travel time spent in this place.
 D = Time resting spent in this place.
 E = Time spent auto-exploring this place.
 F = Levels seen in this place.
 G = Mean time per level.
                   A        B        C        D        E       F      G
               +--------+--------+--------+--------+--------+-----+--------+
         Total |    716 |    685 |     31 |      0 |    541 |   2 |  358.0 |
       Dungeon |    716 |    685 |     31 |      0 |    541 |   2 |  358.0 |
               +--------+--------+--------+--------+--------+-----+--------+

Top non-repeatable levels by time:
     D:1: 684 daAuts
     D:2: 32 daAuts
